 Dungeon Sprint DCSS version 0.17-a0-18-gc25b939 (webtiles) character file.

9000000 MDvedh the Plane Walker (level 24, -38/155 (158) HPs)
             Began as a Spriggan Warper on Mar 6, 2015.
             Was the Champion of Makhleb.
             Killed from afar by a large bag of meat (60 damage)
             ... with an exploding inner flame
             ... in the Dungeon (Sprint VIII: "Arena of Blood").
             The game lasted 00:02:41 (90 turns).

MDvedh the Plane Walker (Spriggan Warper)             Turns: 90, Time: 00:02:41

HP:   -38/155 (158) AC:  4    Str:  7    XL:     24   Next: 78%
MP:   22/50         EV: 44    Int: 16    God:    Makhleb [******]
Gold: 0             SH:  0    Dex: 25    Spells: 1 memorised, 76 levels left

rFire  . . .     SeeInvis +     l - +∞ Axe of Woe
rCold  . . .     Clarity  .     b - +0 robe
rNeg   . . .     SustAb   .     (shield restricted)
rPois  .         Gourm    .     (helmet restricted)
rElec  .         Spirit   .     (no cloak)
rCorr  .         Warding  .     (gloves unavailable)
rMut   .         NoTele   +     (boots unavailable)
MR     ++++.                    (no amulet)
Stlth  ++++++++++               (no ring)
                                (no ring)

@: non-regenerating, rotting, diseased, very quick, incredibly resistant to
hostile enchantments, uncannily stealthy
A: unfitting armour, see invisible, herbivore 3, speed 3, slow metabolism 2
a: Minor Destruction, Lesser Servant of Makhleb, Major Destruction, Greater
Servant of Makhleb, Renounce Religion


You were in the Dungeon.
You worshipped Makhleb.
Makhleb was exalted by your worship.
You were not hungry.

You visited 1 branch

Inventory:

Hand weapons
 a - a +0 hand axe
 l - the +∞ Axe of Woe (weapon)
   (You found it in the Dungeon)
Missiles
 e - 5 tomahawks of dispersal (quivered)
Armour
 b - a +0 robe (worn)
Scrolls
 d - 2 scrolls of blinking
Potions
 g - a potion of curing
 h - a potion of heal wounds
 i - a potion of haste
 j - 2 potions of magic
 k - a potion of berserk rage
Books
 c - a book of Spatial Translocations

   Spells                             Type                      Level
   a - Apportation                    Translocation                1
   b - Blink                          Translocation                2
   c - Shroud of Golubria             Charms/Translocation         2
   d - Portal Projectile              Translocation                3
   e - Teleport Other                 Translocation                3
   f - Passage of Golubria            Translocation                4
Comestibles
 f - a bread ration


   Skills:
 O Level 27 Fighting
 O Level 27 Axes
 O Level 27 Throwing
 O Level 27 Armour
 O Level 27 Dodging
 O Level 27 Stealth
 O Level 27 Unarmed Combat
 O Level 27 Spellcasting
 O Level 27 Translocations
 O Level 27 Invocations


You had 76 spell levels left.
You knew the following spells:

 Your Spells              Type           Power        Failure   Level  Hunger
a - Apportation           Tloc           #######...   0%          1    None


Dungeon Overview and Level Annotations

Branches:
Dungeon (1/1)

Altars:
Makhleb


Innate Abilities, Weirdness & Mutations

You are tiny and cannot use many weapons and most armour.
You have supernaturally acute eyesight.
You are a herbivore.
You cover ground extremely quickly.
You need consume almost no food.


Message History

Your body is wracked with pain!
You hear a shout!
The dread calls on the powers of darkness!
Your body is wracked with pain!
* * * LOW HITPOINT WARNING * * *
The eight-headed meat hydra convulses!
The meat berserker convulses!
The eight-headed meat hydra calls on the powers of darkness!
The eight-headed meat hydra convulses!
The meat berserker convulses!
The meat berserker convulses! x2
The large bag of meat convulses!
Your body is wracked with pain!
* * * LOW HITPOINT WARNING * * *
A meat berserker comes into view. It is wielding a +9 battleaxe.
Unknown command.
Unknown command.
Unknown command.
You slash the large bag of meat!
You dissect the large bag of meat like a pig carcass.
The large bag of meat explodes!
The fiery explosion engulfs you!
You die...

#........_............
..o....###..o..M...#.#
..###..M...)###.W......
. #.....))#.)...DOO...
#.....))#)).....%...
........))%.X........
o........))..#§O%#
.......%.W)#)§%.#
......z.%##@§V..#
....%..#.))...#....
.....%#.W§###....#
..2......% ..#..
......... ... .W.####..
. .. .. ... #


You could see an eight-headed meat hydra, a destroyer, a wretched soul
(invisible), 2 dreads and 3 meat berserkers.

Vanquished Creatures
  4 greater mummies (D)
  2 hell beasts (D)
  6 hill giants (D)
  18 ogres (D)
  34 orcs (D)
  2 phantoms (D)
  4 skeletal warriors (D)
  5 vampire knights (D)
  2 wraiths (D)
  6 large abominations (D)
  A small abomination (D)
  4 crawling corpses (D)
88 creatures vanquished.

Vanquished Creatures (others)
  3 crawling corpses (D)
3 creatures vanquished.

Grand Total: 91 creatures vanquished

Notes
Turn   | Place    | Note
--------------------------------------------------------------
     0 | D        | MDvedh, the Spriggan Warper, began the quest for the Orb.
     0 | D        | Reached XP level 1. HP: 10/10 MP: 4/4
     3 | D        | Became a worshipper of Makhleb the Destroyer
     5 | D        | Noticed a bag of meat
     6 | D        | Noticed a bag of meat
     6 | D        | Noticed a bag of meat
     7 | D        | Noticed a bag of meat
     8 | D        | Noticed a bag of meat
     8 | D        | Noticed a bag of meat
    10 | D        | Killed a bag of meat
    10 | D        | Reached skill level 8 in Fighting
    10 | D        | Reached skill level 13 in Dodging
    10 | D        | Reached skill level 24 in Translocations
    10 | D        | Reached XP level 2. HP: 12/22 MP: 4/20
    10 | D        | Reached XP level 3. HP: 13/25 MP: 4/23
    10 | D        | Reached XP level 4. HP: 15/30 MP: 4/25
    10 | D        | Reached XP level 5. HP: 17/34 MP: 4/27
    10 | D        | Reached XP level 6. HP: 19/39 MP: 4/29
    10 | D        | Reached XP level 7. HP: 20/43 MP: 4/30
    10 | D        | Reached XP level 8. HP: 21/47 MP: 4/31
    10 | D        | Reached XP level 9. HP: 22/51 MP: 4/32
    10 | D        | Reached XP level 10. HP: 24/56 MP: 4/34
    10 | D        | Reached XP level 11. HP: 25/60 MP: 4/35
    11 | D        | Noticed a meat berserker
    11 | D        | Noticed a bag of meat
    11 | D        | Noticed a bag of meat
    11 | D        | Killed a bag of meat
    11 | D        | Acquired Makhleb's first power
    11 | D        | Reached skill level 5 in Throwing
    11 | D        | Reached skill level 15 in Dodging
    11 | D        | Reached skill level 15 in Spellcasting
    11 | D        | Reached skill level 27 in Translocations
    11 | D        | Reached XP level 12. HP: 26/67 MP: 4/37
    12 | D        | Noticed a meat berserker
    12 | D        | Noticed a bag of meat
    12 | D        | Noticed a bag of meat
    13 | D        | Noticed a bag of meat
    13 | D        | Noticed a bag of meat
    13 | D        | Killed a meat berserker
    13 | D        | Reached XP level 13. HP: 70/74 MP: 4/39
    13 | D        | Killed a bag of meat
    13 | D        | Acquired Makhleb's second power
    14 | D        | Noticed a bag of meat
    14 | D        | Noticed a bag of meat
    14 | D        | Killed a bag of meat
    14 | D        | Reached XP level 14. HP: 78/82 MP: 5/41
    15 | D        | Killed a bag of meat
    15 | D        | Acquired Makhleb's third power
    15 | D        | Reached skill level 5 in Armour
    16 | D        | Noticed a bag of meat
    16 | D        | Killed a bag of meat
    16 | D        | Reached skill level 15 in Axes
    16 | D        | Reached XP level 15. HP: 85/88 MP: 5/43
    16 | D        | Killed a bag of meat
    16 | D        | Reached skill level 15 in Fighting
    17 | D        | Killed a bag of meat
    17 | D        | Acquired Makhleb's fourth power
    18 | D        | Noticed a bag of meat
    18 | D        | Noticed a large bag of meat
    19 | D        | Noticed a bag of meat
    19 | D        | Killed a bag of meat
    19 | D        | Killed a bag of meat
    19 | D        | Reached XP level 16. HP: 94/98 MP: 6/45
    20 | D        | Noticed a large bag of meat
    20 | D        | Noticed a bag of meat
    20 | D        | Noticed a bag of meat
    21 | D        | Killed a meat berserker
    21 | D        | Acquired Makhleb's fifth power
    21 | D        | Reached skill level 10 in Throwing
    21 | D        | Killed a bag of meat
    22 | D        | Noticed a bag of meat
    22 | D        | Killed a bag of meat
    22 | D        | Reached skill level 27 in Dodging
    22 | D        | Reached skill level 27 in Spellcasting
    23 | D        | Killed a bag of meat
    23 | D        | Reached XP level 17. HP: 104/107 MP: 7/46
    23 | D        | Killed a bag of meat
    23 | D        | Killed a bag of meat
    23 | D        | Killed a bag of meat
    24 | D        | Noticed a destroyer
    26 | D        | Killed a bag of meat
    26 | D        | Reached skill level 27 in Axes
    28 | D        | Noticed a meat berserker
    28 | D        | Killed a large bag of meat
    28 | D        | Reached XP level 18. HP: 115/119 MP: 8/46
    29 | D        | Noticed a meat berserker
    29 | D        | Killed a large bag of meat
    30 | D        | Noticed a bag of meat
    30 | D        | Noticed a large bag of meat
    30 | D        | Killed a bag of meat
    30 | D        | Reached skill level 10 in Armour
    31 | D        | Noticed a meat berserker
    31 | D        | Noticed a meat berserker
    31 | D        | Killed a destroyer
    31 | D        | Reached skill level 15 in Throwing
    32 | D        | Noticed a large bag of meat
    33 | D        | Noticed a meat berserker
    33 | D        | Noticed a meat berserker
    33 | D        | Killed a meat berserker
    33 | D        | Killed a bag of meat
    33 | D        | Reached skill level 27 in Fighting
    34 | D        | Noticed a large bag of meat
    35 | D        | Noticed a sculptor of flesh
    35 | D        | Noticed a bag of meat
    35 | D        | Noticed a bag of meat
    35 | D        | Killed a meat berserker
    35 | D        | Reached XP level 19. HP: 38/132 MP: 9/47
    35 | D        | Killed a large bag of meat
    35 | D        | Reached skill level 15 in Armour
    36 | D        | Killed a meat berserker
    37 | D        | Noticed a bag of meat
    37 | D        | Killed a meat berserker
    37 | D        | Killed a meat berserker
    37 | D        | Killed a meat berserker
    38 | D        | Killed a bag of meat
    38 | D        | Reached skill level 27 in Throwing
    39 | D        | Noticed a bag of meat
    40 | D        | Noticed a destroyer
    40 | D        | Noticed a meat berserker
    40 | D        | Killed a large bag of meat
    40 | D        | Reached XP level 20. HP: 61/137 MP: 10/48
    41 | D        | Killed a meat berserker
    42 | D        | Noticed a bag of meat
    42 | D        | Noticed a bag of meat
    42 | D        | Noticed a large bag of meat
    42 | D        | Killed a bag of meat
    43 | D        | Killed a large bag of meat
    44 | D        | Noticed a bag of meat
    44 | D        | Killed a large bag of meat
    44 | D        | Reached skill level 27 in Armour
    45 | D        | Killed a bag of meat
    45 | D        | Reached skill level 10 in Stealth
    45 | D        | Reached skill level 5 in Unarmed Combat
    45 | D        | Killed a sculptor of flesh
    45 | D        | Reached skill level 10 in Invocations
    47 | D        | Noticed a bag of meat
    47 | D        | Noticed a bag of meat
    47 | D        | Noticed a bag of meat
    47 | D        | Killed a bag of meat
    47 | D        | Reached skill level 10 in Unarmed Combat
    47 | D        | Killed a destroyer
    47 | D        | Reached XP level 21. HP: 142/142 MP: 12/48
    48 | D        | Noticed a destroyer
    49 | D        | Killed a bag of meat
    49 | D        | Reached skill level 15 in Invocations
    50 | D        | Killed a bag of meat
    51 | D        | Killed a bag of meat
    51 | D        | Reached skill level 15 in Unarmed Combat
    51 | D        | Killed a bag of meat
    51 | D        | Reached skill level 27 in Stealth
    53 | D        | Killed a destroyer
    54 | D        | Killed a bag of meat
    54 | D        | Killed a bag of meat
    55 | D        | Killed a bag of meat
    55 | D        | Reached XP level 22. HP: 148/148 MP: 14/49
    56 | D        | Noticed a meat berserker
    56 | D        | Noticed a destroyer
    57 | D        | Noticed an accursed
    58 | D        | Noticed an accursed
    59 | D        | Killed a meat berserker
    60 | D        | Noticed a meat berserker
    60 | D        | Noticed an accursed
    61 | D        | Noticed a sculptor of flesh
    61 | D        | Noticed a meat berserker
    61 | D        | Noticed a bag of meat
    61 | D        | Noticed a sculptor of flesh
    61 | D        | Noticed an accursed
    62 | D        | Noticed a bag of meat
    62 | D        | Killed an accursed
    64 | D        | Killed a meat berserker
    64 | D        | Reached skill level 27 in Invocations
    64 | D        | Killed a destroyer
    65 | D        | Noticed a destroyer
    65 | D        | Noticed a meat berserker
    67 | D        | Killed an accursed
    67 | D        | Reached skill level 27 in Unarmed Combat
    68 | D        | Killed a meat berserker
    69 | D        | Noticed a dread
    71 | D        | Noticed a meat beast
    71 | D        | Noticed a sculptor of flesh
    72 | D        | Noticed a dread
    72 | D        | Noticed a meat berserker
    74 | D        | Noticed a meat beast
    75 | D        | Killed a meat berserker
    75 | D        | Killed a bag of meat
    75 | D        | Reached XP level 23. HP: 129/153 MP: 18/49
    76 | D        | Noticed a bag of meat
    76 | D        | Killed a meat beast
    77 | D        | Noticed a meat berserker
    77 | D        | Noticed a wretched soul
    77 | D        | Noticed a wretched soul
    77 | D        | Killed a destroyer
    77 | D        | Killed a dread
    77 | D        | Killed a sculptor of flesh
    79 | D        | Noticed a large bag of meat
    79 | D        | Killed a meat beast
    79 | D        | Killed a bag of meat
    80 | D        | Noticed a meat berserker
    80 | D        | Noticed a destroyer
    80 | D        | Noticed a dread
    80 | D        | Killed a dread
    81 | D        | Killed a meat berserker
    81 | D        | Killed a wretched soul
    82 | D        | Noticed a meat berserker
    82 | D        | Killed a sculptor of flesh
    82 | D        | Reached XP level 24. HP: 138/157 MP: 20/50
    82 | D        | Killed a bag of meat
    83 | D        | Killed an accursed
    84 | D        | Noticed an eight-headed meat hydra
    84 | D        | Noticed a meat berserker
    84 | D        | Killed a bag of meat
    84 | D        | Killed a sculptor of flesh
    85 | D        | Noticed a meat berserker
    85 | D        | Killed a wretched soul
    85 | D        | Killed an accursed
    86 | D        | Noticed a meat berserker
    86 | D        | Killed a meat berserker
    87 | D        | Killed a meat berserker
    88 | D        | Noticed a wretched soul
    88 | D        | Noticed a dread
    88 | D        | Killed a meat berserker
    89 | D        | Noticed a meat berserker
    89 | D        | Killed a meat berserker
    90 | D        | Noticed a meat berserker
    90 | D        | Killed a large bag of meat
    90 | D        | Killed from afar by a large bag of meat

Action                   |  1- 3 |  4- 6 |  7- 9 | 10-12 | 13-15 | 16-18 | 19-21 | 22-24 || total
-------------------------+-------+-------+-------+-------+-------+-------+-------+-------++-------
Melee: Broad axe         |     1 |       |       |     2 |     5 |    10 |    16 |    25 ||    59
